 Dungeon Crawl Stone Soup version 0.30-a0-862-g1aabd4f9c5 (webtiles) character file.

Game seed: 12761859904660303133

419 Maxmaps the Ducker (level 6, -10/53 HPs)
             Began as a Gnoll Monk on Mar 10, 2023.
             Killed by divine providence
             ... invoked by an orc priest
              (11 damage)
             ... on level 3 of the Dungeon.
             The game lasted 00:03:26 (2367 turns).

Maxmaps the Ducker (Gnoll Monk)                     Turns: 2367, Time: 00:03:27

Health: -10/53     AC: 11    Str:  9 (11) XL:     6   Next: 93%
Magic:  9/9        EV:  3    Int:  8 (11) God:
Gold:   99         SH:  7    Dex: 11 (14) Spells: 9/9 levels left

rFire   . . .      SeeInvis .    m - +1 dagger (freeze)
rCold   . . .      Faith    .    l - +0 kite shield
rNeg    . . .      Spirit   .    u - +0 chain mail
rPois   .          Reflect  .    q - +0 helmet
rElec   .          Rampage  .    (no cloak)
rCorr   .                        e - +0 pair of gloves
Will    .....                    (no boots)
Stlth   x                          - amulet of the acrobat
HPRegen 0.28/turn                (no ring)
MPRegen 0.11/turn                (no ring)

@: no status effects
A: fangs 1, strong nose, distributed training
a: no special abilities


You were on level 3 of the Dungeon.
You visited 1 branch of the dungeon, and saw 3 of its levels.

You collected 99 gold pieces.

Inventory:

Hand Weapons
 a - a +0 falchion
 m - a +1 dagger of freezing (weapon)
Missiles
 v - a throwing net (quivered)
Armour
 e - a +0 pair of gloves (worn)
 l - a +0 kite shield (worn)
 q - a +0 helmet (worn)
 u - a +0 chain mail (worn)
Jewellery
 x - an amulet of the acrobat (around neck)
Scrolls
 b - a scroll of teleportation {unknown}
 g - a scroll of enchant weapon {unknown}
 i - 2 scrolls of fog {unknown}
 j - a scroll of magic mapping {unknown}
 k - 2 scrolls of poison {unknown}
 n - 2 scrolls of butterflies {unknown}
 o - a scroll of blinking {unknown}
 r - a scroll of immolation {unknown}
 s - 2 scrolls of fear {unknown}
 t - 2 scrolls of identify {unknown}
 w - a scroll of silence {unknown}
Potions
 d - 3 potions of degeneration
 f - a potion of attraction {unknown}
 h - a potion of heal wounds {unknown}
 p - a potion of curing


   Skills:
 + Level 6.9 Fighting
 + Level 2.2 Short Blades
 + Level 6.9 Long Blades
 + Level 2.2 Axes
 + Level 2.2 Maces & Flails
 + Level 2.2 Polearms
 + Level 2.2 Staves
 + Level 2.2 Ranged Weapons
 + Level 2.2 Throwing
 + Level 2.2 Armour
 + Level 6.9 Dodging
 + Level 4.7 Stealth
 + Level 2.2 Shields
 + Level 2.2 Unarmed Combat
 + Level 2.2 Spellcasting
 + Level 1.8 Conjurations
 + Level 1.8 Hexes
 + Level 1.8 Summonings
 + Level 1.8 Necromancy
 + Level 1.8 Translocations
 + Level 1.8 Transmutations
 + Level 1.8 Fire Magic
 + Level 1.8 Ice Magic
 + Level 1.8 Air Magic
 + Level 1.8 Earth Magic
 + Level 1.8 Poison Magic
 + Level 2.5 Invocations
 + Level 2.2 Evocations


You had 9 spell levels left.
You didn't know any spells.
Your spell library contained the following spells:

 Spells                   Type           Power      Damage    Failure   Level
 Ensorcelled Hibernation  Hex/Ice        6%         N/A       100%        2
 Passwall                 Tmut/Erth      2%         N/A       100%        2
 Swiftness                Air            3%         N/A       100%        3


Dungeon Overview and Level Annotations

Branches:
Dungeon (3/15)

Altars:


Innate Abilities, Weirdness & Mutations

You have very sharp teeth.
Your uncanny sense of smell can sniff out nearby items.
Your experience applies equally to all skills.


Message History

There was something very wrong with that liquid.
You feel weakened.
You feel dopey.
You feel clumsy. Something hits you.
* * * LOW HITPOINT WARNING * * *
It was a potion of curing.
You feel better.
You hear some strange, mumbled words.
You are confused.
You bump into the rock wall.
An orc wizard appears from thin air!
Reactivating autopickup.
The orc wizard hits you but does no damage.
You bump into the rock wall.
The orc wizard barely misses you.
You hit the orc wizard. You freeze the orc wizard.
The orc wizard is severely wounded.
The orc wizard completely misses you.
You closely miss the orc wizard.
The orc wizard is severely wounded.
The orc wizard hits you but does no damage.
You bump into the rock wall.
You feel less confused.
The orc wizard hits you but does no damage.
You miss the orc wizard.
The orc wizard is severely wounded.
You block the orc wizard's attack.
You hit the orc wizard. You freeze the orc wizard.
Your bite misses the orc wizard.
The orc wizard is severely wounded.
The orc wizard points at you and mumbles some strange words.
The puff of flame hits you!
* * * LOW HITPOINT WARNING * * *
You barely miss the orc wizard.
The orc wizard is severely wounded.
The orc wizard gestures at you while chanting.
The magic dart hits you.
* * * LOW HITPOINT WARNING * * *
You closely miss the orc wizard.
The orc wizard is severely wounded.
The orc wizard hits you but does no damage.
The orc priest mumbles some strange prayers to Beogh against you.
Beogh smites you!
You die...

#.# ### #.# #.. #.#
#.# #.# #.# #.#
######.# #.# #....#.#
#.########.##.#.#
#.............#†#
####.....#.#..#@# ..
#.....#.#..#o# ...
#.....#.#..#o####...
#.....#.#..........^
#.....#.#...........
.......#.#.........#.
##.....#'#.........#
.....#.......#.
.....'.........


You could see an orc priest and an orc wizard.

Vanquished Creatures
  Sigmund (D:2)
  2 orc priests (D:3)
  Robin (D:2)
  7 gnolls
  2 adders (D:2)
  A worm (D:2)
  3 dart slugs
  4 orcs (D:3)
  6 bats
  8 endoplasms
  5 giant cockroaches
  14 goblins
  9 hobgoblins
  4 jackals (D:1)
  4 kobolds
  2 quokkas
  7 ball pythons
  3 frilled lizards
  4 rats
87 creatures vanquished.

Notes
Turn   | Place    | Note
-------+----------+-------------------------------------------
     0 | D:1      | Maxmaps the Gnoll Monk began the quest for the Orb.
     0 | D:1      | Reached XP level 1. HP: 23/23 MP: 1/1
   118 | D:1      | Reached XP level 2. HP: 29/29 MP: 2/2
   400 | D:1      | Reached XP level 3. HP: 33/35 MP: 3/3
   539 | D:1      | Reached skill level 1 in Invocations
   902 | D:2      | Reached skill level 1 in Short Blades
   902 | D:2      | Reached skill level 1 in Axes
   902 | D:2      | Reached skill level 1 in Maces & Flails
   902 | D:2      | Reached skill level 1 in Polearms
   902 | D:2      | Reached skill level 1 in Staves
   902 | D:2      | Reached skill level 1 in Ranged Weapons
   902 | D:2      | Reached skill level 1 in Throwing
   902 | D:2      | Reached skill level 1 in Armour
   902 | D:2      | Reached skill level 1 in Shields
   902 | D:2      | Reached skill level 1 in Unarmed Combat
   902 | D:2      | Reached skill level 1 in Spellcasting
   902 | D:2      | Reached skill level 1 in Evocations
   936 | D:2      | Noticed Robin
   987 | D:2      | Killed Robin
   988 | D:2      | Reached XP level 4. HP: 24/41 MP: 5/5
  1121 | D:2      | Reached skill level 1 in Conjurations
  1121 | D:2      | Reached skill level 1 in Hexes
  1121 | D:2      | Reached skill level 1 in Summonings
  1121 | D:2      | Reached skill level 1 in Necromancy
  1121 | D:2      | Reached skill level 1 in Translocations
  1121 | D:2      | Reached skill level 1 in Transmutations
  1121 | D:2      | Reached skill level 1 in Fire Magic
  1121 | D:2      | Reached skill level 1 in Ice Magic
  1121 | D:2      | Reached skill level 1 in Air Magic
  1121 | D:2      | Reached skill level 1 in Earth Magic
  1121 | D:2      | Reached skill level 1 in Poison Magic
  1458 | D:2      | Reached XP level 5. HP: 23/47 MP: 5/7
  1640 | D:2      | Noticed Sigmund
  1658 | D:2      | Killed Sigmund
  1659 | D:2      | Reached XP level 6. HP: 41/53 MP: 7/9
  2366 | D:3      | HP: 1/53 [orc wizard/magic dart (3)]
  2367 | D:3      | Killed from afar by an orc priest

Illustrated notes

Levels and vault maps discovered:
D:1:      enne_arrival_octagon_isle, layout_loops_ring, minmay_cupped
D:2:      layout_rooms, uniq_sigmund, uniq_robin
D:3:      layout_basic, mainiacjoe_overflow_24_doors,
          dreamdust_ecumenical_altar_statues

Skill      XL: |  1  2  3  4  5 |
---------------+----------------+-----
Invocations    | 1 2 |  2.5
Short Blades   | 1 2 |  2.2
Axes           | 1 2 |  2.2
Maces & Flails | 1 2 |  2.2
Polearms       | 1 2 |  2.2
Staves         | 1 2 |  2.2
Ranged Weapons | 1 2 |  2.2
Throwing       | 1 2 |  2.2
Armour         | 1 2 |  2.2
Shields        | 1 2 |  2.2
Unarmed Combat | 1 2 |  2.2
Spellcasting   | 1 2 |  2.2
Evocations     | 1 2 |  2.2
Conjurations   | 1 |  1.8
Hexes          | 1 |  1.8
Summonings     | 1 |  1.8
Necromancy     | 1 |  1.8
Translocations | 1 |  1.8
Transmutations | 1 |  1.8
Fire Magic     | 1 |  1.8
Ice Magic      | 1 |  1.8
Air Magic      | 1 |  1.8
Earth Magic    | 1 |  1.8
Poison Magic   | 1 |  1.8
Fighting       | |  6.9
Long Blades    | |  6.9
Dodging        | |  6.9
Stealth        | |  4.7

Action                     |  1- 3 |  4- 6 || total
---------------------------+-------+-------++-------
  Melee: Falchion          |    49 |       ||    49
         Bite              |    12 |    28 ||    40
         Dagger            |    76 |   242 ||   318
    Use: Potion            |       |     3 ||     3
   Stab: Sleeping          |    10 |     3 ||    13
 Armour: Robe              |    20 |    12 ||    32
         Chain mail        |       |    76 ||    76
  Dodge: Dodged            |    73 |    59 ||   132
  Block: Kite shield       |    36 |    76 ||   112

Table legend: (Time is in decaauts)
 A = Elapsed time spent in this place.
 B = Non-inter-level travel time spent in this place.
 C = Inter-level travel time spent in this place.
 D = Time resting spent in this place.
 E = Time spent auto-exploring this place.
 F = Levels seen in this place.
 G = Mean time per level.
                   A        B        C        D        E       F      G
               +--------+--------+--------+--------+--------+-----+--------+
         Total |   2400 |   2289 |    111 |    422 |   1067 |   3 |  800.0 |
       Dungeon |   2400 |   2289 |    111 |    422 |   1067 |   3 |  800.0 |
               +--------+--------+--------+--------+--------+-----+--------+

Top non-repeatable levels by time:
     D:2: 1000 daAuts
     D:1: 883 daAuts
     D:3: 516 daAuts
